 Dungeon Crawl Stone Soup version 0.20-a0-947-g2784f4f (webtiles) character file.

104 Hybris the Skirmisher (level 4, -3/50 HPs)
             Began as an Ogre Fighter on Apr 3, 2017.
             Was an Initiate of Ru.
             Slain by Sigmund
             ... wielding a +0 scythe
              (9 damage)
             ... on level 2 of the Dungeon.
             The game lasted 00:04:00 (1892 turns).

Hybris the Skirmisher (Ogre Fighter)                Turns: 1892, Time: 00:04:01

Health: -3/50      AC:  4    Str: 26    XL:     4   Next: 80%
Magic:  4/4        EV:  8    Int:  9    God:    Ru [......]
Gold:   114        SH:  8    Dex:  8    Spells: 3/3 levels left

rFire    . . .     SeeInvis .   a - +0 flail
rCold    . . .     Gourm    .   c - +0 shield
rNeg     . . .     Faith    .   o - +0 robe (curse)
rPois    .         Spirit   .   (helmet restricted)
rElec    .         Reflect  .   k - +0 cloak
rCorr    .         Harm     .   (gloves unavailable)
MR       .....                  (boots unavailable)
Stlth    +.........             (no amulet)
Regen    0.2/turn               (no ring)
MPRegen  0.1/turn               (no ring)

@: mighty
A: unfitting armour, tough skin 1
a: Renounce Religion


You were on level 2 of the Dungeon.
You worshipped Ru.
Ru was noncommittal.
You were not hungry.

You visited 1 branch of the dungeon, and saw 2 of its levels.

You collected 114 gold pieces.

Inventory:

Hand Weapons
 a - a +0 flail (weapon)
Armour
 b - a +0 robe
 c - a +0 shield (worn)
 k - a +0 cloak (worn)
 o - a cursed +0 robe (worn)
Jewellery
 t - an uncursed ring of protection from magic {unknown}
Scrolls
 h - a scroll of amnesia {unknown}
 m - a scroll of noise {unknown}
 p - a scroll of immolation {unknown}
 q - a scroll of teleportation {unknown}
 r - a scroll of enchant armour {unknown}
 u - a scroll of identify {unknown}
 v - 2 scrolls of blinking {unknown}
 w - a scroll of fog {unknown}
Potions
 d - a potion of might
 e - a potion of curing
 g - a potion of lignification {unknown}
 i - a potion of resistance {unknown}
 j - a potion of berserk rage {unknown}
 l - a potion of degeneration {unknown}
Comestibles
 f - 3 bread rations
 n - a royal jelly
 s - 2 chunks of flesh


   Skills:
 + Level 5.3 Fighting
 * Level 3.6 Maces & Flails
 - Level 2.6 Dodging
 - Level 2.6 Shields


You had 3 spell levels left.
You didn't know any spells.

Dungeon Overview and Level Annotations

Branches:
Dungeon (2/15)

Altars:
Ru

Annotations:
D:2 Sigmund


Innate Abilities, Weirdness & Mutations

You are too large for most types of armour.
You have tough skin. (AC +1)


Message History

You closely miss something. The bat closely misses you.
You barely miss something.
You block the bat's attack. x2; Something hits you!
* * * LOW HITPOINT WARNING * * *
The bat closely misses you.
You feel very mighty all of a sudden. The bat hits you.
* * * LOW HITPOINT WARNING * * *
You block the bat's attack. Something hits you!
* * * LOW HITPOINT WARNING * * *
Okay, then.
It was a potion of curing.
You feel better. The bat hits you.
* * * LOW HITPOINT WARNING * * *
Something completely misses you.
You barely miss something. You block the bat's attack.
The bat closely misses you.
Your shield prevents you from hitting something.
You block the bat's attack. Something hits you!
* * * LOW HITPOINT WARNING * * *
You miss something. You block the bat's attack. Something hits you!
You die...

#.. #.# #.#
#.#### #.#..
#.#b#
######.#.#
#......@{#
#.####.......#
#.# ##..#####
#.#####..#
#.##....(#
#.##)##.##
#+## #.##.##.#
##...##
#.##.##.#
##.....##
#.......##
##.......##


You could see a bat.

Vanquished Creatures
  An orc wizard (D:2)
  2 adders (D:2)
  A worm (D:2)
  5 dart slugs
  A giant cockroach (D:2)
  10 goblins
  4 hobgoblins
  4 jackals (D:2)
  2 quokkas (D:2)
  4 bats
  4 frilled lizards
  3 kobolds
  4 rats
45 creatures vanquished.

Notes
Turn   | Place    | Note
-------+----------+-------------------------------------------
     0 | D:1      | Hybris the Ogre Fighter began the quest for the Orb.
     0 | D:1      | Reached XP level 1. HP: 24/24 MP: 1/1
    99 | D:1      | Reached XP level 2. HP: 24/33 MP: 2/2
  1003 | D:1      | Reached XP level 3. HP: 38/40 MP: 3/3
  1119 | D:2      | Found a sacrificial altar of Ru.
  1132 | D:2      | Reached skill level 5 in Fighting
  1132 | D:2      | Reached XP level 4. HP: 41/50 MP: 4/4
  1149 | D:2      | Became a worshipper of Ru the Awakened
  1879 | D:2      | Noticed Sigmund
  1892 | D:2      | Slain by Sigmund

Vault maps used:
D:1:      minmay_arrival_floating_metal, st_stairs_6, kennysheep_doodads
D:2:      nicolae_ru_great_annihilating_truth, old_standard_altar, first_bread,
          uniq_sigmund

Skill      XL: |  1  2  3 |
---------------+----------+-----
Maces & Flails | 2 3 |  3.6
Fighting       | 5 |  5.3
Dodging        | |  2.6
Shields        | |  2.6

Action                   |  1- 3 |  4- 6 || total
-------------------------+-------+-------++-------
Melee: Flail             |    97 |   110 ||   207
  Use: Potion            |       |     2 ||     2
 Stab: Paralysed         |       |     1 ||     1
  Eat: Chunk             |     1 |     3 ||     4
Armor: Robe              |    22 |    53 ||    75
Dodge: Dodged            |    35 |    41 ||    76
Block: Shield            |    39 |    55 ||    94
